 Dungeon Crawl Stone Soup version 0.17-a0-1554-g3b847ca (webtiles) character file.

130 crwl the Sneak (level 4, -2/21 HPs)
             Began as a Spriggan Enchanter on July 19, 2015.
             Slain by a hobgoblin
             ... wielding a +0 club
             ... led by Robin
              (5 damage)
             ... on level 2 of the Dungeon.
             The game lasted 00:05:12 (2601 turns).

crwl the Sneak (Spriggan Enchanter)                 Turns: 2601, Time: 00:05:12

Health: -2/21      AC:  3    Str:  4    XL:     4   Next: 89%
Magic:  9/9        EV: 13    Int: 17    God:
Gold:   21         SH:  0    Dex: 16    Spells: 3 memorised, 2 levels left

rFire  . . .     SeeInvis +     f - +1 short sword
rCold  . . .     Clarity  .     b - +1 robe
rNeg   . . .     SustAt   .     (shield restricted)
rPois  .         Gourm    .     (helmet restricted)
rElec  .         Spirit   .     (no cloak)
rCorr  .         Warding  .     (gloves unavailable)
rMut   +         Stasis   .     (boots unavailable)
MR     .....                    n - amulet of resist mutation
Stlth  ++++......               (no ring)
                                (no ring)

@: very quick, not resistant to hostile enchantments, stealthy
A: unfitting armour, see invisible, herbivore 3, speed 3, slow metabolism 2
a: no special abilities


You were on level 2 of the Dungeon.
You were hungry.

You visited 1 branch of the dungeon, and saw 2 of its levels.

You collected 21 gold pieces.

Inventory:

Hand weapons
 a - a +1 dagger
 f - a +1 short sword (weapon)
 k - a +0 dagger of holy wrath
Missiles
 i - 48 poisoned needles
Armour
 b - a +1 robe (worn)
Jewellery
 n - an amulet of resist mutation (around neck)
Scrolls
 g - 4 scrolls of identify {unknown}
 l - a scroll of teleportation {unknown}
 q - a scroll of remove curse {unknown}
Potions
 e - 2 potions of degeneration {unknown}
 h - a potion of curing
 j - a potion of mutation {unknown}
 m - a potion of ambrosia {unknown}
 o - a potion of experience {unknown}
 p - a potion of poison {unknown}
Books
 c - a book of Maledictions

   Spells                             Type                      Level
   a - Corona                         Hexes                        1
   b - Ensorcelled Hibernation        Hexes/Ice                    2
   c - Confuse                        Hexes                        3
   d - Tukima's Dance                 Hexes                        3
   e - Dazzling Spray                 Conjuration/Hexes            3
Comestibles
 d - a bread ration


   Skills:
 + Level 3.7 Short Blades
 - Level 3.0 Dodging
 + Level 6.8 Stealth
 - Level 2.6 Spellcasting
 - Level 3.6 Hexes


You had 2 spell levels left.
You knew the following spells:

 Your Spells              Type           Power        Failure   Level  Hunger
a - Corona                Hex            ##.....      4%          1    #......
b - Ensorcelled Hibernat  Hex/Ice        #.....       17%         2    ##.....
c - Confuse               Hex            ##......     14%         3    ###....


Dungeon Overview and Level Annotations

Branches:
Dungeon (2/15)

Altars:
Ashenzari
Cheibriados
Qazlal

Annotations:
D:2 Natasha, Robin


Innate Abilities, Weirdness & Mutations

You are tiny and cannot use many weapons and most armour.
You have supernaturally acute eyesight.
You are a herbivore.
You cover ground extremely quickly.
You need consume almost no food.


Message History

HP restored.
You start waiting.
You are feeling hungry.
You climb downwards.
Level annotation: Natasha, Robin Natasha casts a spell.
The hobgoblin hits you.
There is a stone staircase leading up here.
You closely miss the hobgoblin. The hobgoblin closely misses you.
Natasha stares at you and mumbles some strange words.
The magic dart hits you! The hobgoblin closely misses you.
You hit the hobgoblin but do no damage. The hobgoblin completely misses you.
The hobgoblin hits you but does no damage.
Natasha casts a spell.
You barely miss the hobgoblin.
The crimson imp blinks!
The hobgoblin hits you. The hobgoblin hits you with a club.
The hobgoblin hits you.
* * * LOW HITPOINT WARNING * * *
The hobgoblin hits you with a club.
You die... #.#.# #..# ....8# #.... #.#.# #### ....## #.... #.#.# ...8# #.... #.#.# ##.....## #..(. #.# #8.....8 #.... ########.# #.....# #ggg.

.........##########8...8 ##g##
.........'..)..#.# ##>## #5#
.........#####.#@######### #.#
...............gg..##....#####.#
...................h$))........#
...................##..g.#######
...................##.ยง..#
#######............##....#
#............##....#
###############....# ######


You could see Robin, Natasha and 2 hobgoblins.

Vanquished Creatures
  Terence (D:2)
  Natasha (D:2)
  2 adders
  An ooze (D:2)
  A ball python (D:2)
  4 bats
  14 goblins
  9 hobgoblins
  8 jackals
  3 kobolds
  2 quokkas (D:2)
  3 giant cockroaches
  A giant gecko (D:2)
  4 rats
54 creatures vanquished.

Notes
Turn   | Place    | Note
--------------------------------------------------------------
     0 | D:1      | crwl the Spriggan Enchanter began the quest for the Orb.
     0 | D:1      | Reached XP level 1. HP: 9/9 MP: 5/5
   301 | D:1      | Reached XP level 2. HP: 13/13 MP: 6/6
   340 | D:1      | Reached skill level 5 in Stealth
  1106 | D:1      | Learned a level 2 spell: Ensorcelled Hibernation
  1143 | D:2      | Reached XP level 3. HP: 16/16 MP: 8/8
  1223 | D:2      | Learned a level 3 spell: Confuse
  1665 | D:2      | Found a stormy altar of Qazlal.
  1889 | D:2      | Noticed Robin
  1890 | D:2      | Found a snail-covered altar of Cheibriados.
  1913 | D:2      | Reached skill level 6 in Stealth
  2206 | D:2      | Found a shattered altar of Ashenzari.
  2231 | D:2      | Noticed Natasha
  2237 | D:2      | Killed Natasha
  2237 | D:2      | Reached XP level 4. HP: 21/21 MP: 9/9
  2245 | D:2      | Noticed Terence
  2257 | D:2      | Killed Terence
  2297 | D:2      | Noticed Natasha
  2601 | D:2      | Slain by a hobgoblin

Vault maps used:
D:1:      saegor_arrival_simple_f
D:2:      nicolae_overflow_hidden_temple, ashenzari_altar_1,
          cheibriados_altar_1, serial_park_tiny_2, uniq_natasha, uniq_robin,
          uniq_terence

Action                   |  1- 3 |  4- 6 || total
-------------------------+-------+-------++-------
Melee: Short sword       |   184 |    40 ||   224
       Dagger            |     8 |       ||     8
 Cast: Ensorcelled Hiber |     6 |     2 ||     8
  Use: Scroll            |     2 |       ||     2
       Potion            |     1 |       ||     1
 Stab: Sleeping          |     8 |     1 ||     9
       Fleeing           |     1 |       ||     1
